 Dungeon Crawl Stone Soup version 0.29-a0-297-g7659ce593d (webtiles) character file.

Game seed: 4216789437627307364

567 Peren the Sneak (level 7, -5/32 HPs)
             Began as a Spriggan Enchanter on Mar 21, 2022.
             Slain by an ogre
             ... wielding a +0 giant club
              (26 damage)
             ... on level 4 of the Dungeon.
             The game lasted 00:09:43 (4549 turns).

Peren the Sneak (Spriggan Enchanter)                Turns: 4549, Time: 00:09:44

Health: -5/32      AC:  3    Str:  6    XL:     7   Next: 11%
Magic:  7/17       EV: 17    Int: 17    God:
Gold:   150        SH:  0    Dex: 15    Spells: 7/18 levels left

rFire   + . .      SeeInvis +   i - +2 dagger (protect)
rCold   . . .      Faith    .   (no shield)
rNeg    . . .      Spirit   .   b - +1 robe
rPois   .          Reflect  .   (helmet restricted)
rElec   .          Harm     .   (no cloak)
rCorr   .          Rampage  .   (gloves unavailable)
Will    +....                   (boots unavailable)
Stlth   +++.......              (no amulet)
HPRegen 0.10/turn               d - ring of protection from fire
MPRegen 0.15/turn               (no ring)

@: very quick
A: very small, no large weapons, unfitting armour, see invisible, speed 3
a: no special abilities


You were on level 4 of the Dungeon.
You visited 1 branch of the dungeon, and saw 4 of its levels.

You collected 150 gold pieces.

Inventory:

Hand Weapons
 a - a +1 dagger
 h - a +2 short sword of freezing
 i - a +2 dagger of protection (weapon)
Missiles
 o - 5 poisoned darts (quivered)
Armour
 b - a +1 robe (worn)
Jewellery
 d - a ring of protection from fire (left hand)
Wands
 m - a wand of paralysis (6)
Potions
 c - 2 potions of invisibility
 e - 2 potions of attraction
 f - 2 potions of flight
 g - a potion of curing {unknown}
 j - a potion of cancellation {unknown}
 l - 2 potions of lignification {unknown}
 n - a potion of brilliance {unknown}


   Skills:
 - Level 1.1 Short Blades
 - Level 2.6 Dodging
 + Level 6.8 Stealth
 + Level 6.3 Spellcasting
 + Level 6.8 Hexes


You had 7 spell levels left.
You knew the following spells:

 Your Spells              Type           Power      Damage    Failure   Level
a - Ensorcelled Hibernat  Hex/Ice        34%        N/A       4%          2
b - Tukima's Dance        Hex            28%        N/A       2%          3
c - Dazzling Flash        Conj/Hex       34%        N/A       9%          3
d - Confusing Touch       Hex            28%        N/A       2%          3

Your spell library contained the following spells:

 Spells                   Type           Power      Damage    Failure   Level
 Scorch                   Fire           10%        2d5       19%         2
 Flame Wave               Conj/Fire      5%         2d5       77%         4
 Summon Cactus Giant      Summ           2%         N/A       100%        6


Dungeon Overview and Level Annotations

Branches:
Dungeon (4/15)
 Temple: D:4-7

Altars:
Uskayaw


Innate Abilities, Weirdness & Mutations

You are very small and have problems with some larger weapons.
You are too small for most types of armour.
You have supernaturally acute eyesight. (SInv)
You cover ground extremely quickly. (Speed+++)


Message History

Magic restored.
You start resting.
An ogre comes into view. It is wielding a +0 giant club.
Casting: Ensorcelled Hibernation (safe; 4% risk of failure)
Confirm with . or Enter, or press ? or * to list all spells.
Aiming: Ensorcelled Hibernation (safe; 4% risk of failure)
Press: ? - help, Shift-Dir - straight line, f - ogre
Aim: an ogre, wielding a +0 giant club (wandering, hasn't noticed you, chance to affect: 50%)
The ogre resists with some effort.
Casting: Ensorcelled Hibernation (safe; 4% risk of failure)
Confirm with . or Enter, or press ? or * to list all spells.
Aiming: Ensorcelled Hibernation (safe; 4% risk of failure)
Press: ? - help, Shift-Dir - straight line, f/p - ogre
Aim: an ogre, wielding a +0 giant club (chance to affect: 50%)
The ogre resists with some effort.
A hobgoblin comes into view.
Casting: Ensorcelled Hibernation (safe; 4% risk of failure)
Confirm with . or Enter, or press ? or * to list all spells.
Aiming: Ensorcelled Hibernation (safe; 4% risk of failure)
Press: ? - help, Shift-Dir - straight line, f/p - ogre
Aim: an ogre, wielding a +0 giant club (chance to affect: 50%)
The ogre resists with some effort.
The hobgoblin shouts!
The ogre completely misses you.
Casting: Ensorcelled Hibernation (safe; 4% risk of failure)
Confirm with . or Enter, or press ? or * to list all spells.
Aiming: Ensorcelled Hibernation (safe; 4% risk of failure)
Press: ? - help, Shift-Dir - straight line, f/p - ogre
Aim: an ogre, wielding a +0 giant club (chance to affect: 50%)
The ogre resists with some effort.
Unknown command.
Casting: Ensorcelled Hibernation (safe; 4% risk of failure)
Confirm with . or Enter, or press ? or * to list all spells.
Aiming: Ensorcelled Hibernation (safe; 4% risk of failure)
Press: ? - help, Shift-Dir - straight line, f/p - ogre
Aim: an ogre, wielding a +0 giant club (chance to affect: 50%)
The ogre resists with some effort.
The ogre hits you with a +0 giant club!!
Ouch! That really hurt!
You die...

#. ..# #. #.#
#. #.# #. #.#
##.#.##.#
#.ooo...# ###
.......##g#
##.## ......#
#O# ##.#.##
####.#
#@####.###.##
#.
#........##.#
#
#...##.#.#.##
#...###..†##
#...###.†.##
#...##.....##
#...#.......##
#...#........#
#............#


You could see an ogre and a hobgoblin.

Vanquished Creatures
  Duvessa (D:4)
  A black bear (D:3)
  A scorpion (D:4)
  Dowan (D:4)
  A jelly (D:4)
  2 orc priests (D:4)
  Natasha (twice) (D:2)
  5 adders
  A worm (D:3)
  A dart slug (D:3)
  2 orcs (D:4)
  4 bats
  5 endoplasms
  6 giant cockroaches
  2 goblins
  5 hobgoblins
  12 jackals
  7 kobolds
  4 quokkas
  12 ball pythons
  8 frilled lizards
  4 rats
87 creatures vanquished.

Vanquished Creatures (collateral kills)
  A kobold (D:2)
  A ball python (D:4)
2 creatures vanquished.

Vanquished Creatures (others)
  A fungus (D:2)
  2 plants (D:2)
3 creatures vanquished.

Grand Total: 92 creatures vanquished

Notes
Turn   | Place    | Note
-------+----------+-------------------------------------------
     0 | D:1      | Peren the Spriggan Enchanter began the quest for the Orb.
     0 | D:1      | Reached XP level 1. HP: 9/9 MP: 5/5
   679 | D:1      | Reached XP level 2. HP: 3/13 MP: 7/7
   682 | D:1      | Learned a level 2 spell: Ensorcelled Hibernation
  1340 | D:1      | Reached XP level 3. HP: 15/16 MP: 9/9
  1344 | D:1      | Learned a level 3 spell: Tukima's Dance
  1348 | D:1      | Learned a level 3 spell: Confusing Touch
  1835 | D:2      | Noticed Natasha
  1838 | D:2      | Killed Natasha
  1958 | D:2      | Noticed Natasha
  2438 | D:2      | Reached XP level 4. HP: 21/21 MP: 11/11
  2443 | D:2      | Learned a level 3 spell: Dazzling Flash
  2508 | D:2      | Found a faded altar of an unknown god.
  2676 | D:2      | Reached skill level 5 in Hexes
  3233 | D:2      | Killed Natasha
  3297 | D:3      | Reached XP level 5. HP: 24/24 MP: 10/13
  3348 | D:3      | Noticed a black bear
  3376 | D:3      | Killed a black bear
  3377 | D:3      | Reached skill level 5 in Stealth
  3377 | D:3      | Reached skill level 5 in Spellcasting
  3648 | D:3      | Found a hide-covered altar of Uskayaw.
  4080 | D:4      | Reached XP level 6. HP: 27/28 MP: 11/15
  4226 | D:4      | Noticed Duvessa
  4228 | D:4      | Noticed Dowan
  4244 | D:4      | Killed Duvessa
  4249 | D:4      | Killed Dowan
  4469 | D:4      | Reached XP level 7. HP: 13/32 MP: 13/17
  4549 | D:4      | Slain by an ogre

Illustrated notes

Levels and vault maps discovered:
D:1:      amcnicky_arrival_choice, layout_loops_ring
D:2:      layout_loops_corners, dreamdust_ecumenical_altar_hidden_monk_grotto,
          hangedman_decor_peaks_small, uniq_natasha
D:3:      layout_rooms, mainiacjoe_overflow_paths, minmay_misc_feat_rugged
D:4:      layout_loops_ring, eino_small_chamber_without_monster,
          chequers_serial_rivers_room_a, uniq_duvessa

Skill      XL: |  1  2  3  4  5  6 |
---------------+-------------------+-----
Spellcasting   | 3 4 5 6 |  6.3
Hexes          | 4 5 6 |  6.8
Stealth        | 5 6 |  6.8
Short Blades   | |  1.1
Dodging        | |  2.6

Action                   |  1- 3 |  4- 6 |  7- 9 || total
-------------------------+-------+-------+-------++-------
Melee: Dagger            |   122 |   147 |       ||   269
Throw: Dart              |       |     4 |       ||     4
 Cast: Ensorcelled Hiber |     9 |    24 |     5 ||    38
       Tukima's Dance    |       |     2 |       ||     2
       Confusing Touch   |       |     2 |       ||     2
  Use: Scroll            |     4 |     7 |       ||    11
       Potion            |       |     1 |       ||     1
 Stab: Sleeping          |    15 |    17 |       ||    32
       Confused          |       |     1 |       ||     1
Armor: Robe              |    18 |    45 |       ||    63
Dodge: Dodged            |    91 |   124 |     1 ||   216

Table legend: (Time is in decaauts)
 A = Elapsed time spent in this place.
 B = Non-inter-level travel time spent in this place.
 C = Inter-level travel time spent in this place.
 D = Time resting spent in this place.
 E = Time spent auto-exploring this place.
 F = Levels seen in this place.
 G = Mean time per level.
                   A        B        C        D        E       F      G
               +--------+--------+--------+--------+--------+-----+--------+
         Total |   3745 |   3710 |     35 |    614 |   2469 |   4 |  936.2 |
       Dungeon |   3745 |   3710 |     35 |    614 |   2469 |   4 |  936.2 |
               +--------+--------+--------+--------+--------+-----+--------+

Top non-repeatable levels by time:
     D:1: 1551 daAuts
     D:2: 1145 daAuts
     D:3: 633 daAuts
     D:4: 414 daAuts
